[Event "Titled Tuesday Blitz March 22 Early 2022"]
[White "Siniauski, Artsiom"]
[Black "Jaskolka, Tomasz"]
[WhiteFideId "13512269"]
[BlackFideId "1170791"]
[WhiteElo "2187"]
[BlackElo "2073"]
[Result "1-0"]
[Round "09"]
[TimeControl "180+1"]
[Date "2022.03.22"]
[WhiteClock "0:00:16"]
[BlackClock "0:00:01"]

1. e4 c5 2. Nf3 e6 3. d4 cxd4 4. Nxd4 Nc6 5. Nc3 Qc7 6. g3 a6 7. Bg2 Nf6 8. O-O Nxd4 9. Qxd4 Bc5 10. Qd3 d6 11. a3 O-O 12. Bg5 Nd7 13. Rad1 Ne5 14. Qe2 b5 15. Kh1 Bb7 16. f4 Nc4 17. f5 Nxb2 18. Rb1 Bxa3 19. Qf3 Nc4 20. f6 g6 21. Qf4 Rfd8 22. Bh4 Kh8 23. Qh6 Rg8 24. Rf4 d5 25. Bg5 Qxf4 26. Bxf4 Bf8 27. Qh4 dxe4 28. Bxe4 Bxe4+ 29. Nxe4 h6 30. Bxh6 g5 31. Bxg5+ 1-0


[Site "https://www.chess.com"]

[Event "Titled Tuesday Blitz March 22 Early 2022"]
[White "Siva Mahadevan"]
[Black "Sadovsky, Artem"]
[WhiteFideId "25043153"]
[BlackFideId "4155840"]
[WhiteElo "2779"]
[BlackElo "2487"]
[Result "1-0"]
[Round "09"]
[TimeControl "180+1"]
[Date "2022.03.22"]
[WhiteClock "0:02:08"]
[BlackClock "0:00:51"]

1. e4 g6 2. d4 Bg7 3. Nc3 c6 4. Bc4 d5 5. exd5 b5 6. Bb3 b4 7. Ne4 cxd5 8. Nc5 Nf6 9. Nf3 O-O 10. O-O a5 11. Re1 Na6 12. a3 Nxc5 13. dxc5 Bg4 14. axb4 axb4 15. Rxa8 Qxa8 16. Rxe7 Re8 17. Rxe8+ Qxe8 18. Be3 Qe4 19. c6 Qe6 20. Nd4 Qxc6 21. Qxg4 Nxg4 22. Nxc6 Nxe3 23. fxe3 Bxb2 24. Ne7+ Kg7 25. Nxd5 Ba3 26. Kf2 f5 27. Ke2 g5 28. Kd3 h5 29. Kc4 Bc1 1-0


[Site "https://www.chess.com"]

[Event "Titled Tuesday Blitz March 22 Early 2022"]
[White "Skliarov, Viktor"]
[Black "Mirzanurov, Bulat"]
[WhiteFideId "14106736"]
[BlackFideId "4184521"]
[WhiteElo "2229"]
[BlackElo "2116"]
[Result "1-0"]
[Round "09"]
[TimeControl "180+1"]
[Date "2022.03.22"]
[WhiteClock "0:01:04"]
[BlackClock "0:01:31"]

1. e4 c5 2. Nf3 d6 3. d4 cxd4 4. Qxd4 Nf6 5. Nc3 Nc6 6. Bb5 Bd7 7. Bxc6 Bxc6 8. Bg5 e6 9. O-O-O Be7 10. Rhe1 O-O 11. Kb1 Rc8 12. Qxa7 Nxe4 13. Rxe4 Bxg5 14. Nxg5 Qxg5 15. Re3 Qxg2 16. Rg3 Qxh2 17. Qd4 g6 18. Qxd6 Rfd8 19. Rxg6+ hxg6 20. Qxh2 Rxd1+ 21. Nxd1 Be4 22. Nc3 Bf5 23. a4 1-0


[Site "https://www.chess.com"]

[Event "Titled Tuesday Blitz March 22 Early 2022"]
[White "Smirnov, Pavel"]
[Black "Martinez Alcantara, Jose Eduardo"]
[WhiteFideId "4123425"]
[BlackFideId "3805662"]
[WhiteElo "2545"]
[BlackElo "2690"]
[Result "0-1"]
[Round "09"]
[TimeControl "180+1"]
[Date "2022.03.22"]
[WhiteClock "0:00:22"]
[BlackClock "0:00:54"]

1. d4 Nf6 2. c4 e6 3. Nf3 Bb4+ 4. Nbd2 b6 5. a3 Bxd2+ 6. Qxd2 Bb7 7. e3 d5 8. b3 O-O 9. Bb2 Nbd7 10. Be2 dxc4 11. bxc4 c5 12. O-O cxd4 13. exd4 Rc8 14. Rac1 Qc7 15. h3 Rfd8 16. Rfd1 Qb8 17. Qe3 h6 18. Ne5 Nxe5 19. dxe5 Ne4 20. Bd4 Nc5 21. h4 Qc7 22. h5 Qe7 23. Ba1 Qh4 24. Rd6 Ne4 25. Rd4 Rxd4 26. Bxd4 Nc5 27. Rd1 Qe7 28. f3 Rd8 29. Rd2 Qh4 30. Qf2 Qxf2+ 31. Kxf2 Nb3 0-1


[Site "https://www.chess.com"]

[Event "Titled Tuesday Blitz March 22 Early 2022"]
[White "Stefanov, Plamen"]
[Black "Vine, Elzbieta"]
[WhiteFideId "2900980"]
[BlackFideId "1119320"]
[WhiteElo "2137"]
[BlackElo "1820"]
[Result "1-0"]
[Round "09"]
[TimeControl "180+1"]
[Date "2022.03.22"]
[WhiteClock "0:00:46"]
[BlackClock "0:00:10"]

1. e4 c5 2. Nf3 d6 3. d4 cxd4 4. Nxd4 Nf6 5. Nc3 a6 6. h3 Nbd7 7. g4 Nc5 8. Bg2 e5 9. Nde2 Be6 10. O-O Be7 11. Bg5 O-O 12. Bxf6 Bxf6 13. Nd5 Rc8 14. c3 Bg5 15. f4 exf4 16. Nexf4 Re8 17. Qd4 Bxd5 18. Nxd5 Ne6 19. Qb4 Nc5 20. Rad1 a5 21. Qd4 Ne6 22. Qf2 f6 23. Kh1 Nc7 24. h4 Bh6 25. Nb6 d5 26. Nxc8 Qxc8 27. Qf5 Ne6 28. exd5 Nf4 29. Rxf4 Bxf4 30. Qxf4 1-0


[Site "https://www.chess.com"]

[Event "Titled Tuesday Blitz March 22 Early 2022"]
[White "Suarez Uriel, Adrian"]
[Black "Koridze, Lile"]
[WhiteFideId "22230874"]
[BlackFideId "13612514"]
[WhiteElo "2316"]
[BlackElo "1999"]
[Result "1-0"]
[Round "09"]
[TimeControl "180+1"]
[Date "2022.03.22"]
[WhiteClock "0:01:35"]
[BlackClock "0:00:13"]

1. d4 Nf6 2. c4 e6 3. Nf3 d5 4. g3 Bb4+ 5. Bd2 Be7 6. Bg2 O-O 7. Bf4 c6 8. O-O b6 9. Qc2 Bb7 10. Ne5 Nbd7 11. cxd5 cxd5 12. Nc6 Bxc6 13. Qxc6 Qc8 14. Qa4 Qb7 15. Nd2 Rfc8 16. Rfc1 h6 17. h3 b5 18. Qd1 Nb6 19. b3 Ba3 20. Rxc8+ Rxc8 21. Nf3 Nbd7 22. Bc1 Bb4 23. Bd2 Ba3 24. Ne1 Ne4 25. Nd3 Ndf6 26. Bb4 Nc3 27. Qd2 Nfe4 28. Bxe4 Nxe4 29. Qe1 Qa6 30. Kg2 Rc2 31. f3 Nf6 32. Nc5 Bxb4 33. Qxb4 Qc6 34. Kf2 Qb6 35. a4 bxa4 36. Rxa4 Rb2 37. Qc3 Rb1 38. Rb4 Qc7 39. Rb7 Qc6 40. Rb8+ Kh7 41. Qc2+ 1-0


[Site "https://www.chess.com"]

[Event "Titled Tuesday Blitz March 22 Early 2022"]
[White "Svane, Rasmus"]
[Black "Le, Tuan Minh"]
[WhiteFideId "4657101"]
[BlackFideId "12401153"]
[WhiteElo "2645"]
[BlackElo "2450"]
[Result "0-1"]
[Round "09"]
[TimeControl "180+1"]
[Date "2022.03.22"]
[WhiteClock "0:00:02"]
[BlackClock "0:00:15"]

1. Nf3 d5 2. g3 Nd7 3. d4 Nb6 4. Nc3 Nf6 5. a4 a5 6. Bg2 Bf5 7. Nh4 Bg4 8. h3 Bh5 9. g4 Bg6 10. Nxg6 hxg6 11. e4 e6 12. e5 Nfd7 13. Ne2 c5 14. c3 cxd4 15. cxd4 Bb4+ 16. Bd2 Qe7 17. O-O Rc8 18. Bc1 O-O 19. f4 f5 20. exf6 Nxf6 21. Qd3 Qf7 22. f5 gxf5 23. gxf5 exf5 24. Rxf5 Qe6 25. Re5 Qc6 26. Bg5 Ne4 27. Bxe4 dxe4 28. Qxe4 Qxe4 29. Rxe4 Rc2 30. Rd1 Rxb2 31. d5 Bc5+ 32. Kh1 Rf2 33. d6 Nd7 34. Re7 Rfxe2 35. Rxe2 Rxe2 36. Rb1 b6 37. Re1 Rxe1+ 0-1


[Site "https://www.chess.com"]

[Event "Titled Tuesday Blitz March 22 Early 2022"]
[White "Tanenbaum, Zachary"]
[Black "Namitbir Singh Walia"]
[WhiteFideId "2060850"]
[BlackFideId "35071068"]
[WhiteElo "2168"]
[BlackElo "1565"]
[Result "1-0"]
[Round "09"]
[TimeControl "180+1"]
[Date "2022.03.22"]
[WhiteClock "0:00:31"]
[BlackClock "0:00:14"]

1. e4 c5 2. Nf3 Nc6 3. Nc3 g6 4. d4 cxd4 5. Nxd4 Bg7 6. Be3 Nf6 7. Bc4 Qa5 8. O-O O-O 9. Nb3 Qc7 10. Be2 d6 11. f4 a6 12. Qd2 Ng4 13. Bxg4 Bxg4 14. f5 gxf5 15. Nd5 Qd8 16. exf5 e6 17. f6 exd5 18. fxg7 Re8 19. Rae1 Be6 20. Nd4 Nxd4 21. Bxd4 Rc8 22. c3 Qd7 23. Qf4 b5 24. Re3 h5 25. Qh6 1-0


[Site "https://www.chess.com"]

[Event "Titled Tuesday Blitz March 22 Early 2022"]
[White "Terry, Renato"]
[Black "Shuvalova, Polina"]
[WhiteFideId "3803457"]
[BlackFideId "24171760"]
[WhiteElo "2577"]
[BlackElo "2355"]
[Result "1-0"]
[Round "09"]
[TimeControl "180+1"]
[Date "2022.03.22"]
[WhiteClock "0:02:31"]
[BlackClock "0:02:07"]

1. d4 Nf6 2. Bg5 e6 3. e4 h6 4. Bxf6 Qxf6 5. c3 c5 6. Nf3 cxd4 7. cxd4 Bb4+ 8. Nc3 b6 9. Bd3 Bb7 10. O-O Bxc3 11. bxc3 d6 12. e5 dxe5 13. Bb5+ Ke7 14. dxe5 1-0


[Site "https://www.chess.com"]

[Event "Titled Tuesday Blitz March 22 Early 2022"]
[White "Thomas, Anysia"]
[Black "Harish, Neeraj"]
[WhiteFideId "670472"]
[BlackFideId "30958130"]
[WhiteElo "2002"]
[BlackElo "1574"]
[Result "0-1"]
[Round "09"]
[TimeControl "180+1"]
[Date "2022.03.22"]
[WhiteClock "0:00:02"]
[BlackClock "0:00:12"]

1. d4 d5 2. c4 e6 3. Nf3 Nf6 4. g3 Be7 5. Bg2 O-O 6. O-O dxc4 7. Ne5 Nc6 8. Bxc6 bxc6 9. Nxc6 Qe8 10. Nxe7+ Qxe7 11. Qa4 e5 12. dxe5 Qxe5 13. Nc3 Be6 14. Bf4 Qc5 15. Be3 Qe7 16. Rad1 Rab8 17. Qc2 Bh3 18. Rfe1 Rfd8 19. Bxa7 Ra8 20. Bd4 Ng4 21. Qe4 Qxe4 22. Nxe4 Rxa2 23. Bc3 Rxd1 24. Rxd1 h6 25. Nc5 Ra5 26. Ne4 Ne5 27. f3 Rb5 28. g4 f5 29. Nf2 fxg4 30. f4 Ng6 31. Rd8+ Kh7 32. e4 Nxf4 33. Rd1 Ne2+ 34. Kh1 Nxc3 35. bxc3 Rb3 36. Rc1 Rb2 37. Kg1 Re2 38. Rd1 Re3 39. Rc1 h5 40. Kh1 h4 41. Kg1 Kh6 42. Kh1 Kg5 43. Kg1 Kf4 44. Rd1 Kf3 45. Nxh3 gxh3 46. Rf1+ Kxe4 47. Rd1 Rxc3 48. Re1+ Re3 49. Rc1 c3 50. Kh1 Kd3 51. Rf1 c2 52. Rc1 Kc3 53. Rg1 Rd3 54. Rf1 Rd1 55. Kg1 Rxf1+ 56. Kxf1 c1=Q+ 0-1


[Site "https://www.chess.com"]

[Event "Titled Tuesday Blitz March 22 Early 2022"]
[White "Tiarks, Jann-Christian"]
[Black "Bashirli, Saadat"]
[WhiteFideId "12951595"]
[BlackFideId "13429990"]
[WhiteElo "2176"]
[BlackElo "1173"]
[Result "1/2-1/2"]
[Round "09"]
[TimeControl "180+1"]
[Date "2022.03.22"]
[WhiteClock "0:01:13"]
[BlackClock "0:00:33"]

1. e4 c5 2. Nc3 g6 3. g3 Bg7 4. Bg2 e6 5. Nge2 Ne7 6. d3 O-O 7. Be3 d6 8. Qd2 Nbc6 9. Bh6 Bd7 10. h4 f5 11. O-O-O Ne5 12. Bxg7 Kxg7 13. h5 Rh8 14. hxg6 hxg6 15. Rxh8 Qxh8 16. Rh1 Qg8 17. Qh6+ Kf7 18. f4 Ng4 19. Qg5 Qg7 20. exf5 exf5 21. Bxb7 Rh8 22. Rxh8 Qxh8 23. Qh4 Qxh4 24. gxh4 Kg7 25. Ng3 Kh6 26. Bf3 Nf6 27. Kd2 d5 28. d4 cxd4 29. Nce2 Nc6 30. a3 Ne4+ 31. Bxe4 dxe4 32. b4 a6 33. c4 dxc3+ 34. Nxc3 Nd4 35. a4 Nf3+ 36. Ke3 Nxh4 37. b5 axb5 38. axb5 Ng2+ 39. Kd4 Nxf4 40. b6 Bc6 41. Na4 Ne6+ 42. Ke5 Nd8 43. Nc5 e3 44. Kf4 Kg7 45. Kxe3 Kf6 46. Ne2 g5 47. Nd4 Bd5 48. Nb5 Ke5 49. Nc3 Bc6 50. Nd3+ Kf6 51. Ne2 f4+ 52. Ndxf4 gxf4+ 53. Nxf4 Ke5 54. Nd3+ Kd6 55. Kd4 Bb7 1/2-1/2


[Site "https://www.chess.com"]

[Event "Titled Tuesday Blitz March 22 Early 2022"]
[White "Tsukerman, Julia"]
[Black "Saim, Mohamed Ilias"]
[WhiteFideId "2621649"]
[BlackFideId "7900465"]
[WhiteElo "2101"]
[BlackElo "2006"]
[Result "1/2-1/2"]
[Round "09"]
[TimeControl "180+1"]
[Date "2022.03.22"]
[WhiteClock "0:00:59"]
[BlackClock "0:00:27"]

1. e4 e5 2. Nf3 Nc6 3. Bb5 Nge7 4. c3 g6 5. d3 Bg7 6. O-O a6 7. Ba4 O-O 8. Re1 b5 9. Bb3 d6 10. h3 h6 11. d4 Bb7 12. Bc2 exd4 13. Nxd4 Kh7 14. Nxc6 Nxc6 15. Be3 Ne5 16. Nd2 Qh4 17. Qe2 Rae8 18. f3 f5 19. Qf2 Qh5 20. exf5 gxf5 21. f4 Ng6 22. Nf3 Bxf3 23. Qxf3 Qxf3 24. gxf3 Ne7 25. Bb3 c5 26. Rad1 c4 27. Bc2 d5 28. Bc5 Rf7 29. Kf2 Bf6 30. Kf1 Bh4 31. Re2 Rc8 32. Bxe7 Bxe7 33. Rxd5 Rcf8 34. Ree5 b4 35. Bxf5+ Kg7 36. Be4 bxc3 37. bxc3 Bf6 38. Rf5 Bxc3 39. Rxf7+ Rxf7 40. Rc5 Rxf4 41. Rxc4 Be5 42. Rc6 a5 43. Ra6 Bc3 44. Ra7+ Kf6 45. Ra6+ Kg5 46. Rg6+ Kh4 47. Rxh6+ Kg3 48. h4 Rxh4 49. Rxh4 Kxh4 50. Ke2 Kg3 51. Kd3 Be5 52. Kc4 Kf4 53. Kb5 Bc3 54. a4 Be1 55. Kc4 Bb4 56. Kb5 Be1 57. Kc4 Bb4 58. Kb5 Be1 1/2-1/2


[Site "https://www.chess.com"]

[Event "Titled Tuesday Blitz March 22 Early 2022"]
[White "Urazayev, Arystanbek"]
[Black "Kulkarni, Rakesh"]
[WhiteFideId "13709810"]
[BlackFideId "5037077"]
[WhiteElo "2819"]
[BlackElo "2447"]
[Result "1/2-1/2"]
[Round "09"]
[TimeControl "180+1"]
[Date "2022.03.22"]
[WhiteClock "0:00:13"]
[BlackClock "0:00:04"]

1. e4 c5 2. Nf3 e6 3. d4 cxd4 4. Nxd4 a6 5. a3 b5 6. a4 b4 7. Nd2 Bb7 8. Bd3 Qc7 9. O-O Nf6 10. Re1 d6 11. a5 Be7 12. N2b3 Nbd7 13. Bg5 O-O 14. Rc1 Rac8 15. c4 Nc5 16. Nxc5 dxc5 17. e5 cxd4 18. exf6 Bxf6 19. Bxf6 gxf6 20. Qg4+ Kh8 21. Qxd4 Qd8 22. Qe3 Rg8 23. f3 Rg5 24. c5 Qxa5 25. Qf4 Qd8 26. Rcd1 Rd5 27. Bc2 Rcxc5 28. Bb3 Rxd1 29. Rxd1 Bd5 30. Ba4 Kg7 31. h4 a5 32. h5 h6 33. Rd4 Qc7 34. Qg4+ Kf8 35. Qh4 Rc1+ 36. Bd1 Ke7 37. Qf2 Bb3 38. Qe1 Bxd1 39. Rxd1 Qc5+ 40. Kf1 Rxd1 41. Qxd1 Qxh5 42. Qd4 Qb5+ 43. Kg1 a4 44. Qa7+ Kf8 45. Qd4 Ke7 46. Qa7+ Kf8 47. Qd4 e5 48. Qh4 Ke7 49. Qe4 a3 50. bxa3 bxa3 51. Qa8 Qc5+ 52. Kh2 f5 53. Qb7+ Kf6 54. Kh3 Qd6 55. Qb3 Kg7 56. g4 fxg4+ 57. fxg4 Qa6 58. Qa2 Qd3+ 59. Kh4 Qe3 60. Qa1 Qf2+ 61. Kh3 Qb2 62. Qf1 a2 63. g5 hxg5 64. Qf5 Qc3+ 65. Kg4 a1=Q 66. Qxg5+ Kf8 67. Qd8+ Kg7 68. Qg5+ Kh7 69. Qh5+ Kg8 70. Qg5+ Kh8 71. Qh6+ Kg8 72. Qg5+ Kf8 73. Qd8+ Kg7 74. Qg5+ 1/2-1/2


[Site "https://www.chess.com"]

[Event "Titled Tuesday Blitz March 22 Early 2022"]
[White "Van den Dikkenberg, Erik"]
[Black "Krylov, Ivan"]
[WhiteFideId "1005880"]
[BlackFideId "24128066"]
[WhiteElo "2118"]
[BlackElo "2258"]
[Result "0-1"]
[Round "09"]
[TimeControl "180+1"]
[Date "2022.03.22"]
[WhiteClock "0:01:22"]
[BlackClock "0:00:52"]

1. e4 c6 2. d4 d5 3. exd5 cxd5 4. Bd3 Nf6 5. c3 Bg4 6. Qb3 Qc7 7. Ne2 e6 8. Bf4 Qc8 9. O-O Nc6 10. Nd2 Be7 11. Rae1 O-O 12. Ng3 Na5 13. Qc2 h6 14. Be5 Nc6 15. Bxf6 Bxf6 16. h3 Bf5 17. Nxf5 exf5 18. Bxf5 Qc7 19. Nf3 Rfe8 20. Rxe8+ Rxe8 21. Re1 Rxe1+ 22. Nxe1 Nxd4 23. cxd4 Qxc2 24. Bxc2 Bxd4 25. b3 Bc3 26. Nf3 Kf8 27. Kf1 Ke7 28. Ke2 a5 29. Kd3 Bf6 30. Nd4 Kd6 31. Ne2 Bh4 32. g3 Bf6 33. Nc3 Kc6 34. Bd1 Kc5 35. Bf3 d4 36. Ne4+ Kb4 37. Nxf6 gxf6 38. Bc6 bxc6 39. Kxd4 Ka3 40. Kc5 Kxa2 41. Kxc6 Kxb3 42. Kb5 a4 0-1


[Site "https://www.chess.com"]

[Event "Titled Tuesday Blitz March 22 Early 2022"]
[White "Vlassov, Nikolai"]
[Black "Begunov, Konstantin"]
[WhiteFideId "4103360"]
[BlackFideId "4118510"]
[WhiteElo "2407"]
[BlackElo "2262"]
[Result "1-0"]
[Round "09"]
[TimeControl "180+1"]
[Date "2022.03.22"]
[WhiteClock "0:00:37"]
[BlackClock "0:00:20"]

1. e4 c5 2. c3 d6 3. d4 cxd4 4. cxd4 g6 5. Nc3 Bg7 6. Be3 Nf6 7. f3 O-O 8. Qd2 Nc6 9. h4 a6 10. h5 Nxh5 11. Bh6 e5 12. Bxg7 Kxg7 13. Nge2 Nxd4 14. Nxd4 exd4 15. Qxd4+ Qf6 16. O-O-O Be6 17. Qxf6+ Kxf6 18. Rxd6 Rfd8 19. Rb6 Ng3 20. Rg1 Rd7 21. Bc4 Rc7 22. Nd5+ Ke5 23. Nxc7 Rc8 24. Nxe6 Ne2+ 25. Kd2 Nxg1 26. f4+ Kxe4 27. Bd3+ Kd5 28. Ng5 f6 29. Rxf6 1-0


[Site "https://www.chess.com"]

[Event "Titled Tuesday Blitz March 22 Early 2022"]
[White "Vovk, Orest"]
[Black "Ciolacu, Alessia-Mihaela"]
[WhiteFideId "14113490"]
[BlackFideId "1252640"]
[WhiteElo "2203"]
[BlackElo "1777"]
[Result "0-1"]
[Round "09"]
[TimeControl "180+1"]
[Date "2022.03.22"]
[WhiteClock "0:00:37"]
[BlackClock "0:00:06"]

1. h4 d5 2. h5 h6 3. e4 dxe4 4. Nc3 Nf6 5. Qe2 Nc6 6. Nxe4 Nxe4 7. Qxe4 e5 8. Bc4 Bc5 9. d3 Qf6 10. Nf3 Bf5 11. Qh4 Qxh4 12. Rxh4 O-O-O 13. Be3 Bxe3 14. fxe3 g5 15. hxg6 fxg6 16. O-O-O h5 17. e4 Bg4 18. Rf1 Rhf8 19. Nd2 Nd4 20. c3 Rxf1+ 21. Nxf1 Ne2+ 22. Kd2 Nf4 23. Ne3 Be6 24. Bxe6+ Nxe6 25. g3 Ng5 26. Ke2 Rf8 27. Nc4 Nf3 28. Rh1 g5 29. Rxh5 Ng1+ 30. Ke1 Rf3 31. Nxe5 Rf8 32. Rxg5 Re8 33. Kf2 Nh3+ 34. Kf3 Nxg5+ 35. Kf4 Ne6+ 36. Kf5 Kd8 37. d4 Ke7 38. Ng6+ Kf7 39. g4 Rg8 40. Ne5+ Ke7 41. Ng6+ Kd7 42. d5 Nf8 43. Nf4 Nh7 44. Ne6 c6 45. c4 cxd5 46. cxd5 Nf8 47. Ng5 Ke7 48. e5 Nd7 49. d6+ Ke8 50. e6 Rf8+ 51. Nf7 Nc5 52. g5 Rxf7+ 53. exf7+ Kxf7 54. g6+ Kg7 55. Ke5 Kxg6 56. Kd5 b6 57. Kc6 Kf6 58. b4 Ne6 59. Kd7 a5 60. a3 Ke5 61. Ke7 axb4 62. axb4 Kd5 63. d7 b5 64. Kf7 Kd6 65. Ke8 Kc7 66. Ke7 Nd8 67. Ke8 Nc6 0-1


[Site "https://www.chess.com"]

[Event "Titled Tuesday Blitz March 22 Early 2022"]
[White "Weetik, Vjacheslav"]
[Black "Saldano Dayer, Horacio"]
[WhiteFideId "4153472"]
[BlackFideId "103411"]
[WhiteElo "2469"]
[BlackElo "2419"]
[Result "1-0"]
[Round "09"]
[TimeControl "180+1"]
[Date "2022.03.22"]
[WhiteClock "0:00:04"]
[BlackClock "0:00:01"]

1. e4 e6 2. d4 d5 3. Nd2 Be7 4. Ngf3 Nf6 5. e5 Nfd7 6. Bd3 c5 7. c3 Nc6 8. O-O O-O 9. Re1 Qb6 10. Nf1 cxd4 11. cxd4 f6 12. exf6 Nxf6 13. Ng3 Bd6 14. a3 Bd7 15. Bc2 Rae8 16. Bg5 g6 17. Qd2 Ng4 18. Rad1 Qc7 19. Ba4 a6 20. Rc1 b5 21. Bd1 Qb8 22. Re2 Bf4 23. Bxf4 Rxf4 24. h3 Nf6 25. Bc2 Rf8 26. Re3 Ne8 27. Bb1 Nd6 28. Ne2 Nc4 29. Rxc4 bxc4 30. Nxf4 Qxf4 31. Qc3 Rb8 32. Bc2 a5 33. b3 cxb3 34. Bxb3 Qd6 35. Ba4 Nd8 36. Bxd7 Qxd7 37. Ne5 Qc8 38. Qxa5 Nc6 39. Qe1 Nxd4 40. Qd2 Rb1+ 41. Kh2 Nf5 42. Re2 Qc1 43. Qxc1 Rxc1 44. Nd3 Ra1 45. Rxe6 Rxa3 46. Nf4 Kf7 47. Re5 d4 48. Rd5 Ra4 49. g4 Ne7 50. Rd7 Ke8 51. Rd6 g5 52. Ne2 d3 53. Rxd3 Ra2 54. Re3 Kf7 55. Nd4 Rxf2+ 56. Kg3 Rf4 57. Nf3 h6 58. h4 Ra4 59. hxg5 hxg5 60. Nxg5+ Kf6 61. Nf3 Kf7 62. Rb3 Ng6 63. Rb7+ Kg8 64. Rb6 Ne7 65. g5 Nd5 66. Rd6 Nf4 67. Ne5 Nh5+ 68. Kf3 Kf8 69. g6 Ke7 70. Rb6 Rf4+ 71. Ke3 Rf1 72. Ke4 Re1+ 73. Kd5 Nf4+ 74. Kc4 1-0


[Site "https://www.chess.com"]

[Event "Titled Tuesday Blitz March 22 Early 2022"]
[White "Yang, Kaiqi"]
[Black "Bryakin, Mikhail"]
[WhiteFideId "8604398"]
[BlackFideId "4165314"]
[WhiteElo "2373"]
[BlackElo "2417"]
[Result "1-0"]
[Round "09"]
[TimeControl "180+1"]
[Date "2022.03.22"]
[WhiteClock "0:00:09"]
[BlackClock "0:00:04"]

1. e4 d6 2. d4 Nf6 3. Nc3 Nbd7 4. Nf3 e5 5. Rg1 Be7 6. g4 h6 7. h4 g6 8. Be3 h5 9. gxh5 Nxh5 10. Qd2 c6 11. O-O-O Qc7 12. Ng5 Nf8 13. Bc4 Ne6 14. Nxe6 Bxe6 15. Bxe6 fxe6 16. dxe5 dxe5 17. Rxg6 Rd8 18. Qe2 Rxd1+ 19. Qxd1 Qd7 20. Qg4 Nf6 21. Qg3 Kf7 22. Rg7+ Kf8 23. Bc5 Bxc5 24. Rxd7 Nxd7 25. Nd1 Be7 26. h5 Bf6 27. Qf3 Ke7 28. c3 Bg5+ 29. Kc2 Nf6 30. Ne3 Rxh5 31. Ng4 Rh4 32. Nxf6 Bxf6 33. Qg2 Rh8 34. a4 b6 35. f3 Rd8 36. Qe2 Rd7 37. Qc4 c5 38. a5 Kf7 39. Qb5 Rd6 40. Qa6 Rd7 41. axb6 axb6 42. Qxb6 Be7 43. Qc6 Rd6 44. Qc8 Rd8 45. Qa6 Kf6 46. Qf1 Rh8 47. Qg1 Rd8 48. Kb3 Rb8+ 49. Kc2 Rd8 50. Qg2 Rh8 51. Kb3 Rb8+ 52. Kc4 Rd8 53. Qh3 Rb8 54. Qh4+ Kf7 55. Qh5+ Kf6 56. Qh6+ Kf7 57. b3 Ra8 58. Qh5+ Kf6 59. Qh4+ Kf7 60. Qh7+ Kf6 61. Qh6+ Kf7 62. f4 exf4 63. Qxf4+ Ke8 64. Qe5 Kd7 65. Qg7 Rf8 66. e5 Rf4+ 67. Kb5 Rf3 68. Qg2 Rxc3 69. Qb7+ Kd8 70. Kc6 Rd3 71. Qb8# 1-0


[Site "https://www.chess.com"]

[Event "Titled Tuesday Blitz March 22 Early 2022"]
[White "Zaksaite, Salomeja"]
[Black "Winkels, Marcel"]
[WhiteFideId "12801496"]
[BlackFideId "1003887"]
[WhiteElo "1953"]
[BlackElo "1900"]
[Result "1-0"]
[Round "09"]
[TimeControl "180+1"]
[Date "2022.03.22"]
[WhiteClock "0:02:29"]
[BlackClock "0:02:16"]

1. e4 d6 2. d4 Nf6 3. Nc3 e5 4. Nf3 Nbd7 5. Bc4 Be7 6. O-O O-O 7. Re1 c6 8. a4 Qc7 9. Bf1 b6 10. b3 a5 11. Ba3 Re8 12. Qd2 Ba6 13. Bxa6 Rxa6 14. Rad1 Raa8 15. dxe5 dxe5 16. Bxe7 Rxe7 17. Qd6 Qxd6 18. Rxd6 Rc8 19. Red1 Nc5 20. Rd8+ Re8 21. Rxc8 Rxc8 22. Nxe5 Nfxe4 23. Nxe4 Nxe4 24. Nxc6 h6 25. Ne7+ 1-0


[Site "https://www.chess.com"]

[Event "Titled Tuesday Blitz March 22 Early 2022"]
[White "Zemerov, Vladimir"]
[Black "Omelja, Artem"]
[WhiteFideId "4111583"]
[BlackFideId "14119846"]
[WhiteElo "2277"]
[BlackElo "2382"]
[Result "0-1"]
[Round "09"]
[TimeControl "180+1"]
[Date "2022.03.22"]
[WhiteClock "0:00:01"]
[BlackClock "0:00:01"]

1. d4 d5 2. c4 c6 3. Nf3 Nf6 4. Nc3 e6 5. e3 Nbd7 6. Qc2 Bd6 7. cxd5 exd5 8. Bd3 O-O 9. Bd2 Re8 10. O-O-O b5 11. Kb1 a5 12. Ne2 Bb7 13. Ng3 a4 14. Nf5 Bf8 15. g4 Qb6 16. Rhg1 b4 17. g5 Ne4 18. Bxe4 dxe4 19. N3h4 Ba6 20. Qc1 Bd3+ 21. Ka1 g6 22. Nh6+ Bxh6 23. gxh6 c5 24. Nf5 c4 25. d5 Nc5 26. Nd4 Nb3+ 27. Nxb3 axb3 28. a3 Qd6 29. Bxb4 Qxb4 30. Rxd3 exd3 31. Kb1 Qe7 32. Qc3 Qe5 33. Qxc4 d2 34. Qd3 Red8 0-1


[Site "https://www.chess.com"]

[Event "Titled Tuesday Blitz March 22 Early 2022"]
[White "Agasarov, Benik"]
[Black "Ruge, Edison"]
[WhiteFideId "13314823"]
[BlackFideId "4401000"]
[WhiteElo "2547"]
[BlackElo "2175"]
[Result "0-1"]
[Round "10"]
[TimeControl "180+1"]
[Date "2022.03.22"]
[WhiteClock "0:00:03"]
[BlackClock "0:00:42"]

1. d4 d5 2. Bf4 Nf6 3. e3 e6 4. Nf3 Bd6 5. Nbd2 O-O 6. Bd3 c5 7. c3 Qc7 8. Bxd6 Qxd6 9. Ne5 Nc6 10. f4 g6 11. O-O Nd7 12. Qe1 Kg7 13. Qh4 f6 14. Ng4 Ne7 15. Qh6+ Kg8 16. Rf3 Nf5 17. Bxf5 exf5 18. Rh3 Rf7 19. Nf2 Nf8 20. Re1 c4 21. Kh1 Bd7 22. Nf1 Re8 23. Ng3 Rfe7 24. Nd1 b5 25. Kg1 a5 26. Kf2 b4 27. Kf3 a4 28. cxb4 Qxb4 29. Nc3 a3 30. Nh5 Rf7 31. Re2 axb2 32. Nxd5 Bc6 33. Nxf6+ Rxf6 34. e4 Bxd5 35. exd5 Rxe2 36. Kxe2 b1=Q 0-1


[Site "https://www.chess.com"]

[Event "Titled Tuesday Blitz March 22 Early 2022"]
[White "Altman, Joshua"]
[Black "Moroni, Luca Jr"]
[WhiteFideId "426210"]
[BlackFideId "865834"]
[WhiteElo "1945"]
[BlackElo "2573"]
[Result "0-1"]
[Round "10"]
[TimeControl "180+1"]
[Date "2022.03.22"]
[WhiteClock "0:00:08"]
[BlackClock "0:00:05"]

1. d4 e5 2. dxe5 d6 3. Nf3 Nc6 4. e4 Nxe5 5. Nxe5 dxe5 6. Qxd8+ Kxd8 7. Bc4 f6 8. Nc3 c6 9. Be3 Kc7 10. O-O-O Bb4 11. Rd3 Bxc3 12. Rxc3 b6 13. Bd5 Ne7 14. b4 Bd7 15. b5 Nxd5 16. exd5 c5 17. a4 Kd6 18. Rd1 a6 19. a5 axb5 20. axb6 c4 21. Kb2 Bc8 22. Ra3 Bb7 23. Ra7 Rxa7 24. bxa7 b4 25. Ra1 Bxd5 26. Ra6+ Kc7 27. Rb6 b3 28. cxb3 cxb3 29. Rb5 Bxg2 30. Kxb3 Ba8 31. Rc5+ Kd7 32. Rb5 Rc8 33. Rb8 Kc7 34. Bb6+ Kd7 35. Kb4 h5 36. h4 Bd5 37. Be3 Rc4+ 38. Kb5 Rxh4 39. a8=Q Bxa8 40. Rxa8 g5 41. Rf8 Ke6 42. Kc6 Rc4+ 43. Kb5 Rc2 44. Rh8 h4 45. Rh6 Kf5 46. Rh8 e4 47. Kb4 Rc6 48. Kb3 Kg4 49. Rh6 Kf5 50. Kb4 Rc8 51. Kb5 Rf8 52. Kc5 Kg4 53. Kd5 f5 54. Bc5 Re8 55. Bd6 f4 56. Be5 e3 57. fxe3 fxe3 58. Bc3 e2 59. Be1 Rd8+ 60. Ke4 Rd1 61. Ke3 Rxe1 62. Kf2 Ra1 63. Kxe2 Kg3 64. Ke3 g4 65. Rg6 h3 66. Rh6 Re1+ 67. Kd2 Re8 68. Kd3 Kg2 69. Kd2 g3 70. Kd3 h2 71. Rg6 h1=Q 0-1


[Site "https://www.chess.com"]

[Event "Titled Tuesday Blitz March 22 Early 2022"]
[White "Andreikin, Dmitry"]
[Black "Sarana, Alexey"]
[WhiteFideId "4158814"]
[BlackFideId "24133795"]
[WhiteElo "2736"]
[BlackElo "2666"]
[Result "1-0"]
[Round "10"]
[TimeControl "180+1"]
[Date "2022.03.22"]
[WhiteClock "0:00:11"]
[BlackClock "0:00:03"]

1. d4 Nf6 2. Nf3 d5 3. c4 e6 4. g3 Bb4+ 5. Bd2 Be7 6. Bg2 c6 7. O-O Nbd7 8. Bc3 Ne4 9. Nbd2 f5 10. Rc1 O-O 11. Ne1 b5 12. cxb5 cxb5 13. Nd3 a5 14. Nxe4 fxe4 15. Nf4 Nf6 16. Bh3 Qb6 17. Bd2 Bd7 18. Bg2 Qxd4 19. Bh3 Ra6 20. Rc7 Kh8 21. Bc3 Qxd1 22. Rxd1 Bd6 23. Rxd7 Nxd7 24. Nxe6 Rf7 25. Rxd5 Nf6 26. Rxb5 a4 27. Ng5 Re7 28. Be6 h6 29. Nf7+ Kh7 30. Bc4 Rc6 31. Nxd6 Rxd6 32. Kg2 Rc6 33. b3 axb3 34. axb3 Kg6 35. h4 Rd7 36. e3 h5 37. Bd4 Kh6 38. Rf5 Ng4 39. Bb5 Rxd4 40. Bxc6 Rd2 41. Kf1 Rd1+ 42. Ke2 Rb1 43. Bxe4 Rb2+ 44. Ke1 Rxb3 45. Rc5 g5 46. hxg5+ Kg7 47. Rc7+ Kg8 48. Bd5+ 1-0


[Site "https://www.chess.com"]